 Dungeon Crawl Stone Soup version 0.26-a0-1132-ge9770dfcb6 (webtiles) character file.

Game seed: 17221892231407762037

1839 ANON1729 the Transmogrifier (level 9, 0/59 HPs)
             Began as a Merfolk Transmuter on Dec 20, 2020.
             Was an Elder of Wu Jian.
             Slain by an orc
             ... wielding a +0 hand axe
              (2 damage)
             ... on level 6 of the Dungeon.
             The game lasted 00:10:55 (8552 turns).

ANON1729 the Transmogrifier (Merfolk Transmuter)    Turns: 8552, Time: 00:10:56

Health: 0/59       AC:  2    Str: 11    XL:     9   Next: 11%
Magic:  0/12       EV: 13    Int: 20    God:    Wu Jian [****..]
Gold:   373        SH:  0    Dex: 15    Spells: 1/12 levels left

rFire    . . .     SeeInvis .     - Unarmed
rCold    . . .     Faith    .   (shield currently unavailable)
rNeg     . . .     Spirit   +   a - +0 robe
rPois    .         Reflect  .   (no helmet)
rElec    .         Harm     .   (no cloak)
rCorr    .         Rampage  .   (gloves currently unavailable)
Will     .....                  (no boots)
Stlth    +.........             c - amulet of guardian spirit
HPRegen  0.19/turn              E - +6 ring of intelligence
MPRegen  0.13/turn              y - ring of wizardry

@: exhausted, blade hands (expiring)
A: change form in water, swift swim, stealthy swim
a: End Transformation, Renounce Religion, Wall Jump, Serpent's Lash


You were on level 6 of the Dungeon.
You worshipped Wu Jian.
Wu Jian was greatly pleased with you.
You had blades for hands.
You visited 1 branch of the dungeon, and saw 6 of its levels.
You also visited: Sewer.

You collected 373 gold pieces.

Inventory:

Armour
 a - a +0 robe (worn)
 w - a +1 pair of gloves (melded)
Jewellery
 c - an amulet of guardian spirit (around neck)
 f - an uncursed ring of see invisible
 q - an uncursed amulet of magic regeneration
 y - a ring of wizardry (right scythe-like blade)
 E - a +6 ring of intelligence (left scythe-like blade)
 F - an uncursed ring of willpower
Wands
 d - a wand of disintegration (17)
 s - a wand of random effects (17)
 A - a wand of paralysis (1)
 D - a wand of flame (23)
 H - a wand of iceblast (6)
Scrolls
 b - 4 scrolls of remove curse
 e - 3 scrolls of fog
 h - 2 scrolls of amnesia {unknown}
 l - 3 scrolls of noise {unknown}
 n - 5 scrolls of teleportation
 o - 7 scrolls of identify {unknown}
 r - a scroll of blinking {unknown}
 x - 2 scrolls of enchant armour {unknown}
 C - a scroll of magic mapping {unknown}
 G - a scroll of immolation {unknown}
 I - a scroll of holy word {unknown}
Potions
 g - 3 potions of degeneration {unknown}
 i - 5 potions of flight {unknown}
 j - 2 potions of haste
 k - 2 potions of might {unknown}
 m - a potion of ambrosia {unknown}
 p - 3 potions of magic {unknown}
 t - 3 potions of attraction {unknown}
 u - 5 potions of curing
 v - 2 potions of lignification {unknown}
 z - a potion of resistance
 B - 3 potions of heal wounds {unknown}


   Skills:
 - Level 1.5 Fighting
 - Level 3.0 Dodging
 + Level 9.4 Unarmed Combat
 - Level 2.1 Spellcasting
 + Level 10.7 Transmutations


You had one spell level left.
You knew the following spells:

 Your Spells              Type           Power        Failure   Level
a - Beastly Appendage     Tmut           88%          3%          1
b - Wereblood             Tmut           44%          4%          2
c - Spider Form           Tmut/Pois      11%          14%         3
d - Blade Hands           Tmut           22%          14%         5

Your spell library contained the following spells:

 Spells                   Type           Power        Failure   Level
 Magic Dart               Conj           8%           26%         1
 Ice Form                 Ice/Tmut       23%          28%         4
 Blink                    Tloc           N/A          34%         2
 Call Imp                 Summ           2%           34%         2
 Slow                     Hex            2%           34%         2
 Conjure Flame            Conj/Fire      2%           50%         3
 Mephitic Cloud           Conj/Pois/Air  2%           50%         3


Dungeon Overview and Level Annotations

Branches:
Dungeon (6/15)             Temple (0/1) D:6           Sewer (visited)

Altars:
Gozag
Okawaru
Wu Jian
Xom
The Shining One

Shops:
D:5 (


Message History

Press: ? - help, v - describe, . - travel
Here: an orc, wielding a +0 hand axe and wearing a +0 leather armour The floor.
You hit the orc warrior.
The orc warrior is almost dead.
You slash the orc warrior!
You kill the orc warrior!
The Council accepts your kill.
Press: ? - help, v - describe, . - travel, g - get item
Here: an orc, wielding a +0 hand axe and wearing a +0 leather armour
Items here: )) [[.
The floor, spattered with blood.
Evoke which item? (* to show all) (? for menu, Esc to quit)
Aiming: Paralyse
Press: ? - help, Shift-Dir - straight line, f - orc
Aim: an orc, wielding a +0 hand axe and wearing a +0 leather armour (chance to affect: 63%)
The orc resists with significant effort.
Your transformation is almost over.
The orc hits you with a +0 hand axe.
You die...

.......#.#####.........#
#.#
###.###......<.........#
#.#
#.###...######.#.....####.#
#......#.# #.##.........#
#####.#.## #.##...#######
##.## #.###### ### #.# #°#
#@# #o# #.# #.# ..# ... ...
#...


You could see an orc.

Vanquished Creatures
  Maggie (D:6)
  An orc warrior (D:6)
  A sky beast (D:5)
  A centaur (D:4)
  Blork the orc (D:5)
  A bullfrog (D:6)
  A howler monkey (D:4)
  4 orc priests
  2 bullfrog zombies (D:5)
  3 jellies (D:5)
  2 bullfrog skeletons
  4 hounds
  5 orc wizards
  Terence (D:3)
  Natasha (twice) (D:4)
  2 worker ants (D:5)
  A hound skeleton (D:3)
  14 adders
  10 river rats
  2 shadow imps
  2 white imps
  An ufetubus (D:5)
  2 oozes (D:1)
  2 adder skeletons
  6 worms
  2 dart slugs
  5 leopard geckos
  15 orcs
  2 giant cockroaches
  7 goblins
  7 hobgoblins
  7 jackals
  6 quokkas (D:5)
  4 ball pythons (Sewer)
  A ball python skeleton (D:5)
  9 bats
  9 frilled lizards
  6 kobolds
  35 rats
187 creatures vanquished.

Notes
Turn   | Place    | Note
-------+----------+-------------------------------------------
     0 | D:1      | ANON1729 the Merfolk Transmuter began the quest for the
                  | Orb.
     0 | D:1      | Reached XP level 1. HP: 15/15 MP: 3/3
    30 | D:1      | Reached XP level 2. HP: 13/21 MP: 5/5
   194 | D:1      | Reached skill level 3 in Transmutations
   306 | D:1      | Reached XP level 3. HP: 7/26 MP: 1/6
  1258 | D:2      | Reached skill level 4 in Transmutations
  1258 | D:2      | Reached XP level 4. HP: 23/32 MP: 4/7
  2286 | D:2      | Found a faded altar of an unknown god.
  2490 | D:2      | Found a glowing golden altar of the Shining One.
  2785 | D:2      | Became a worshipper of the Wu Jian Council
  2785 | D:2      | Reached * piety under Wu Jian
  2875 | D:3      | Reached XP level 5. HP: 37/37 MP: 8/8
  3023 | D:3      | Reached skill level 5 in Unarmed Combat
  3023 | D:3      | Reached skill level 5 in Transmutations
  3654 | D:3      | Noticed Terence
  3680 | D:3      | Killed Terence
  3920 | D:3      | Learned a level 2 spell: Wereblood
  3924 | D:3      | Reached XP level 6. HP: 43/43 MP: 9/9
  3928 | D:3      | Learned a level 3 spell: Spider Form
  4291 | D:3      | Reached ** piety under Wu Jian
  4390 | D:4      | Reached skill level 6 in Transmutations
  4524 | D:4      | Found an iron altar of Okawaru.
  4565 | D:4      | Noticed Natasha
  4573 | D:4      | Killed Natasha
  5038 | D:4      | Reached XP level 7. HP: 48/48 MP: 6/10
  5139 | D:4      | Noticed Natasha
  5144 | D:4      | Killed Natasha
  5322 | D:4      | Found a shimmering altar of Xom.
  5323 | D:4      | Found an opulent altar of Gozag.
  5341 | D:5      | Entered Level 5 of the Dungeon
  5350 | D:5      | Reached skill level 7 in Transmutations
  5806 | D:5      | Noticed Blork the orc
  5823 | D:5      | Killed Blork the orc
  5888 | D:5      | Reached skill level 8 in Transmutations
  5972 | D:5      | Found Jaykos's Weapon Boutique.
  5993 | D:5      | Reached XP level 8. HP: 44/54 MP: 8/11
  6003 | D:5      | Found a glowing drain.
  6010 | Sewer    | Entered a sewer
  6720 | D:5      | Reached *** piety under Wu Jian
  6790 | D:5      | Reached skill level 9 in Transmutations
  7058 | D:5      | Reached **** piety under Wu Jian
  7450 | D:5      | Learned a level 5 spell: Blade Hands
  7843 | D:6      | Found a staircase to the Ecumenical Temple.
  7864 | D:6      | Noticed Maggie
  7872 | D:6      | Killed Maggie
  7873 | D:6      | Reached skill level 10 in Transmutations
  8238 | D:6      | Reached XP level 9. HP: 59/59 MP: 12/12
  8548 | D:6      | HP: 1/59 [orc warrior/+0 war axe (25)]
  8552 | D:6      | Slain by an orc

Illustrated notes

Levels and vault maps discovered:
D:1:      minmay_arrival_radiant_lines, layout_loops_ring, serial_aquarium,
          aquarium_bridge_square [aquarium_subvault_bridge,
          aquarium_subvault_bridge, aquarium_subvault_bridge,
          aquarium_subvault_window], aquarium_bridge_straight
          [aquarium_subvault_bridge, aquarium_subvault_wall,
          aquarium_subvault_bridge, aquarium_subvault_wall], aquarium_window_1,
          aquarium_window_2, aquarium_view_2d, aquarium_view_2d,
          aquarium_balcony_3a
D:2:      layout_loops_ring, marbit_many_paths, chequers_ecumenical_altar_twisty
D:3:      kennysheep_six_static_rooms, layout_loops_ring, uniq_terence
D:4:      layout_loops_ring, gammafunk_temple_overflow_forgotten, uniq_natasha
D:5:      lemuel_ratsnest, layout_rooms, lightli_sewer_entry_pipes,
          serial_shops, nicolae_shop_stone, minivault_23, kennysheep_cross_room,
          kennysheep_doodads, kennysheep_opposing_triangles, uniq_blork_the_orc
D:6:      layout_loops_corners, minmay_temple_entry_antechambers, uniq_maggie

Skill      XL: |  1  2  3  4  5  6  7  8 |
---------------+-------------------------+-----
Transmutations | 3 4 5 6 8 10 | 10.7
Dodging        | 3 |  3.0
Unarmed Combat | 4 5 6 7 9 |  9.4
Fighting       | |  1.5
Spellcasting   | |  2.1

Action                   |  1- 3 |  4- 6 |  7- 9 || total
-------------------------+-------+-------+-------++-------
Melee: Unarmed           |   111 |   253 |   328 ||   692
       Headbutt          |     5 |     9 |     2 ||    16
       Punch             |       |     5 |     3 ||     8
       Tailslap          |       |       |     6 ||     6
 Cast: Beastly Appendage |     3 |     7 |     1 ||    11
       Spider Form       |       |     4 |    14 ||    18
       Blade Hands       |       |       |     3 ||     3
Invok: Lunge             |       |    10 |    21 ||    31
       Whirlwind         |       |     1 |     3 ||     4
       Serpent's Lash    |       |       |     1 ||     1
Evoke: Wand              |       |     2 |     2 ||     4
  Use: Potion            |     1 |     1 |       ||     2
       Scroll            |       |     3 |     1 ||     4
 Stab: Sleeping          |     2 |     2 |     3 ||     7
       Distracted        |       |     1 |       ||     1
       Paralysed         |       |       |     5 ||     5
Armor: Robe              |    16 |    45 |    28 ||    89
       Skin              |       |     1 |     4 ||     5
Dodge: Dodged            |    87 |   180 |   197 ||   464

Table legend: (Time is in decaauts)
 A = Elapsed time spent in this place.
 B = Non-inter-level travel time spent in this place.
 C = Inter-level travel time spent in this place.
 D = Time resting spent in this place.
 E = Time spent auto-exploring this place.
 F = Levels seen in this place.
 G = Mean time per level.
                   A        B        C        D        E       F      G
               +--------+--------+--------+--------+--------+-----+--------+
         Total |   8381 |   8093 |    288 |    581 |   6191 |   7 | 1197.3 |
       Dungeon |   8008 |   7720 |    288 |    581 |   5908 |   6 | 1334.7 |
         Sewer |    372 |    372 |      0 |      0 |    283 |   1 |  372.0 |
               +--------+--------+--------+--------+--------+-----+--------+

Top non-repeatable levels by time:
     D:5: 1886 daAuts
     D:2: 1644 daAuts
     D:3: 1570 daAuts
     D:1: 1140 daAuts
     D:4: 995 daAuts
     D:6: 771 daAuts
   Sewer: 372 daAuts
